[Event "Titled Tuesday Blitz March 01 Late 2022"]
[White "Glavina, Pablo"]
[Black "Voit, Daria"]
[WhiteFideId "100234"]
[BlackFideId "4182146"]
[WhiteElo "2369"]
[BlackElo "2323"]
[Result "0-1"]
[Round "10"]
[TimeControl "180+1"]
[Date "2022.03.02"]
[WhiteClock "0:00:01"]
[BlackClock "0:01:16"]

1. e4 c6 2. d4 d5 3. Nc3 dxe4 4. Nxe4 Nf6 5. Nxf6+ exf6 6. Nf3 Bd6 7. Bd3 O-O 8. O-O Bg4 9. c3 Bc7 10. h3 Bh5 11. Be2 Qd6 12. g3 Qd5 13. Be3 Re8 14. Nd2 Bg6 15. Bf3 Qd7 16. Bg2 Bxg3 17. fxg3 Rxe3 18. Rf3 Qe7 19. Nc4 Rxf3 20. Qxf3 Nd7 21. Kf2 Re8 22. Ne3 Be4 23. Qxe4 Qxe4 24. Bxe4 Rxe4 25. Nf5 Re6 26. Re1 Kf8 27. Rxe6 fxe6 28. Nd6 b5 29. Nc8 a6 30. Na7 c5 31. Nc6 cxd4 32. Nxd4 Ke7 33. a4 bxa4 34. Ke3 Kd6 35. Nf3 Kd5 36. g4 Nb6 37. Kd2 Nc4+ 38. Kc2 e5 39. Nh2 g6 40. Nf3 f5 41. Ng5 h6 42. Nh7 fxg4 43. hxg4 Ne3+ 44. Kd3 Nxg4 0-1


[Site "https://www.chess.com"]

[Event "Titled Tuesday Blitz March 01 Late 2022"]
[White "Golubev, Mikhail"]
[Black "Leenhouts, Koen"]
[WhiteFideId "14100983"]
[BlackFideId "1008439"]
[WhiteElo "2374"]
[BlackElo "2409"]
[Result "1-0"]
[Round "10"]
[TimeControl "180+1"]
[Date "2022.03.02"]
[WhiteClock "0:00:15"]
[BlackClock "0:00:01"]

1. e4 c5 2. Nf3 e6 3. d4 cxd4 4. Nxd4 Nc6 5. Nc3 Qc7 6. Be3 a6 7. a3 b5 8. Nxc6 Qxc6 9. Bd3 Bb7 10. O-O Nf6 11. Re1 Rc8 12. Qf3 Qc7 13. Bd4 Be7 14. Qh3 d6 15. e5 dxe5 16. Bxe5 Bd6 17. Bxb5+ axb5 18. Nxb5 Bxe5 19. Nxc7+ Bxc7 20. Qb3 Bd5 21. Qa4+ Ke7 22. c4 Ba8 23. b4 Rhd8 24. Rad1 Ng4 25. Qa7 Rxd1 26. Rxd1 Ne5 27. b5 Kf6 28. b6 Bd8 29. b7 Bxb7 30. Qxb7 Rxc4 31. f4 Ng4 32. Qb2+ Ke7 33. h3 Nf6 34. Qb7+ Rc7 35. Qb8 Rc6 36. Qxd8# 1-0


[Site "https://www.chess.com"]

[Event "Titled Tuesday Blitz March 01 Late 2022"]
[White "Goryachkina, Aleksandra"]
[Black "Ruiz Aguilar, Pablo Alexander"]
[WhiteFideId "4147103"]
[BlackFideId "4401352"]
[WhiteElo "2426"]
[BlackElo "2125"]
[Result "1-0"]
[Round "10"]
[TimeControl "180+1"]
[Date "2022.03.01"]
[WhiteClock "0:01:41"]
[BlackClock "0:01:15"]

1. e4 c5 2. Nf3 e6 3. c3 d5 4. exd5 Qxd5 5. d4 Nf6 6. Na3 cxd4 7. Nb5 Qd8 8. Nbxd4 a6 9. Bd3 Be7 10. O-O O-O 11. Bg5 b5 12. Re1 Bb7 13. Ne5 Qd5 14. Ndf3 Rd8 15. Qc2 h6 16. Bxf6 Bxf6 17. Be4 Qxe4 18. Rxe4 Bxe4 19. Qxe4 Nd7 20. Nxd7 1-0


[Site "https://www.chess.com"]

[Event "Titled Tuesday Blitz March 01 Late 2022"]
[White "Gracia Alvarez, Gerardo Antonio"]
[Black "Hoffmann, Asa"]
[WhiteFideId "5109124"]
[BlackFideId "2001470"]
[WhiteElo "2139"]
[BlackElo "2117"]
[Result "0-1"]
[Round "10"]
[TimeControl "180+1"]
[Date "2022.03.02"]
[WhiteClock "0:00:15"]
[BlackClock "0:00:21"]

1. c4 Nf6 2. Nc3 d6 3. d4 Bf5 4. g3 c6 5. Bg2 Nbd7 6. e4 Bg6 7. Nge2 e5 8. O-O Be7 9. h3 O-O 10. Re1 a5 11. Be3 exd4 12. Nxd4 Nc5 13. f3 Re8 14. Qd2 Bf8 15. Rad1 Qc7 16. Nde2 Rad8 17. Nf4 Nfd7 18. Nxg6 hxg6 19. b3 d5 20. cxd5 Nf6 21. Qf2 cxd5 22. Nxd5 Nxd5 23. exd5 b6 24. f4 Bd6 25. Bd4 Qd7 26. Rxe8+ Rxe8 27. Re1 Rxe1+ 28. Qxe1 Qf5 29. Qe2 g5 30. Kh1 gxf4 31. Bxc5 Bxc5 32. Qe8+ Bf8 33. gxf4 Qxf4 34. Qe2 g6 35. Qf3 Qe5 36. Qd1 Bd6 37. Kg1 Qg3 38. Qf3 Bc5+ 39. Kf1 Qh2 40. Ke2 Qg1 41. h4 Qd4 42. a4 Qxh4 43. Qe4 Qf2+ 44. Kd3 Kg7 45. Kc4 Qf6 46. Kb5 Bd4 47. d6 Qxd6 48. Qd5 Qxd5+ 49. Bxd5 f5 50. Kc4 Bc5 51. Kd3 Kf6 52. Ke2 Ke5 53. Kf3 g5 0-1


[Site "https://www.chess.com"]

[Event "Titled Tuesday Blitz March 01 Late 2022"]
[White "Gutenev, Alexander"]
[Black "Svane, Rasmus"]
[WhiteFideId "4195540"]
[BlackFideId "4657101"]
[WhiteElo "2403"]
[BlackElo "2645"]
[Result "1-0"]
[Round "10"]
[TimeControl "180+1"]
[Date "2022.03.01"]
[WhiteClock "0:00:13"]
[BlackClock "0:00:06"]

1. e4 c6 2. Nf3 d5 3. d3 Bg4 4. h3 Bh5 5. Nc3 e6 6. g4 Bg6 7. h4 h6 8. Ne5 Bh7 9. Qf3 f6 10. exd5 exd5 11. g5 fxe5 12. Qh5+ g6 13. Qe2 Bg7 14. Bh3 h5 15. Bd2 Ne7 16. f4 Nd7 17. fxe5 Nxe5 18. Rf1 Nf7 19. Qe6 O-O 20. O-O-O Qc8 21. Rde1 Qxe6 22. Rxe6 Rfe8 23. Rfe1 Kf8 24. Na4 b6 25. Bb4 c5 26. Nxc5 bxc5 27. Bxc5 Kg8 28. Bxe7 Bf8 29. Bf6 Rxe6 30. Bxe6 Bg7 31. Kd2 Bxf6 32. gxf6 Kf8 33. Bxd5 Rd8 34. c4 Bg8 35. Re7 Nd6 36. Bxg8 Kxg8 37. Rg7+ Kf8 38. Rxg6 Nxc4+ 39. Kc2 Ne5 40. Rg5 Nxd3 41. Rxh5 Kf7 42. Rh7+ Kxf6 43. Rxa7 Ke5 44. h5 Kd4 45. a4 Rc8+ 46. Kd2 Rb8 47. Rd7+ Ke4 48. Rxd3 Rxb2+ 49. Kc3 Rh2 50. Rd4+ Ke5 51. Rb4 Rh3+ 52. Kc4 Rh4+ 53. Kb3 Rh3+ 54. Ka2 Rh2+ 55. Ka3 Rh3+ 56. Rb3 Rh2 57. Rb5+ Kd4 58. Kb4 Rb2+ 59. Ka5 Ra2 60. h6 Rh2 61. Rb6 Kc5 62. Rg6 Rh4 63. Rf6 Rg4 64. h7 Rh4 65. Rf7 Kc6 66. Rg7 Kc5 67. Rc7+ Kd6 68. Rb7 Kc6 69. Rb6+ Kc5 70. Rb7 Kc6 71. Rf7 Kc5 72. Ka6 Rxa4+ 73. Kb7 Rh4 74. Kc7 Kd5 75. Kd7 Ke5 76. Ke7 Rh3 77. Rg7 Kf5 78. Kf7 Rh2 79. Kg8 Ra2 80. h8=Q Ra8+ 81. Kh7 Ra2 82. Qf8+ Ke4 83. Re7+ Kd3 84. Qd8+ Kc2 85. Rc7+ Kb1 86. Qd1+ Kb2 87. Qc1+ Kb3 88. Qc3+ Ka4 89. Qc4+ Ka3 90. Qc3+ Ka4 91. Rc4+ Kb5 92. Qb4+ Ka6 93. Rc6+ Ka7 94. Qb6+ Ka8 95. Qd8+ Kb7 96. Qd7+ Kb8 97. Rc8# 1-0


[Site "https://www.chess.com"]

[Event "Titled Tuesday Blitz March 01 Late 2022"]
[White "Dronavalli, Harika"]
[Black "Al-Tarboush, Ward"]
[WhiteFideId "5015197"]
[BlackFideId "7601450"]
[WhiteElo "2382"]
[BlackElo "2276"]
[Result "0-1"]
[Round "10"]
[TimeControl "180+1"]
[Date "2022.03.01"]
[WhiteClock "0:00:03"]
[BlackClock "0:00:26"]

1. d4 d5 2. c4 c6 3. Nc3 Nf6 4. e3 e6 5. Nf3 Nbd7 6. Qc2 Bd6 7. b3 b6 8. Bb2 Bb7 9. Bd3 c5 10. cxd5 exd5 11. O-O O-O 12. Bf5 Re8 13. Rfd1 Rc8 14. Rac1 g6 15. Bh3 a6 16. Qe2 Rc7 17. dxc5 bxc5 18. Na4 Qe7 19. Qc2 Ne4 20. Ba1 Ne5 21. Qb2 Nxf3+ 22. gxf3 Qg5+ 23. Bg2 Be5 24. Qc2 Bxa1 25. Rxa1 Nf6 26. f4 Qh5 27. h3 d4 28. Rxd4 Bxg2 29. Kxg2 cxd4 30. Qxc7 dxe3 31. Re1 Qd5+ 32. Kh2 Qf3 33. Qc2 Qxf4+ 34. Kg2 Qg5+ 35. Kf1 Nd5 36. Qc6 Re6 37. Qc8+ Kg7 38. Nc3 Nf4 39. Qb7 exf2 40. Rxe6 Qg1# 0-1


[Site "https://www.chess.com"]

[Event "Titled Tuesday Blitz March 01 Late 2022"]
[White "Hjartarson, Johann"]
[Black "Maksimovic, Bojan"]
[WhiteFideId "2300044"]
[BlackFideId "14408120"]
[WhiteElo "2484"]
[BlackElo "2450"]
[Result "0-1"]
[Round "10"]
[TimeControl "180+1"]
[Date "2022.03.01"]
[WhiteClock "0:00:11"]
[BlackClock "0:00:05"]

1. e4 c5 2. Ne2 Nc6 3. Nbc3 Nf6 4. d4 cxd4 5. Nxd4 e5 6. Ndb5 d6 7. Bg5 a6 8. Na3 b5 9. Nd5 Be7 10. Bxf6 Bxf6 11. c4 b4 12. Nc2 O-O 13. g3 a5 14. b3 Be6 15. Bg2 a4 16. O-O Nd4 17. Nxd4 exd4 18. Nxf6+ Qxf6 19. Qd2 axb3 20. axb3 Rxa1 21. Rxa1 d3 22. Rc1 Qd4 23. Qxb4 Bg4 24. Qd2 Be2 25. b4 f5 26. exf5 Rxf5 27. Kh1 Rxf2 28. Qg5 h6 29. Qg6 d2 30. Qe8+ Rf8 31. Qe6+ Kh8 0-1


[Site "https://www.chess.com"]

[Event "Titled Tuesday Blitz March 01 Late 2022"]
[White "Ibadov, Dashgyn"]
[Black "Harvey, Marcus R"]
[WhiteFideId "24107514"]
[BlackFideId "400092"]
[WhiteElo "2084"]
[BlackElo "2485"]
[Result "1-0"]
[Round "10"]
[TimeControl "180+1"]
[Date "2022.03.01"]
[WhiteClock "0:01:35"]
[BlackClock "0:00:31"]

1. e4 c6 2. d4 d5 3. e5 Bf5 4. Nf3 e6 5. Be2 c5 6. Be3 cxd4 7. Nxd4 Ne7 8. Bb5+ Nbc6 9. O-O a6 10. Bxc6+ bxc6 11. c4 Bxb1 12. Rxb1 c5 13. Nb3 d4 14. Nxc5 Nc6 15. Qa4 Rc8 16. Bxd4 Qxd4 17. Qxa6 Rc7 18. Qb6 Qxe5 19. Na6 Rc8 20. Rfe1 Qd4 21. Nc7+ Ke7 22. Qxc6 Qd7 23. Nd5+ 1-0


[Site "https://www.chess.com"]

[Event "Titled Tuesday Blitz March 01 Late 2022"]
[White "Ibarra Jerez, Jose Carlos"]
[Black "Indjic, Aleksandar"]
[WhiteFideId "2226332"]
[BlackFideId "911925"]
[WhiteElo "2626"]
[BlackElo "2616"]
[Result "0-1"]
[Round "10"]
[TimeControl "180+1"]
[Date "2022.03.01"]
[WhiteClock "0:00:12"]
[BlackClock "0:00:16"]

1. d4 Nf6 2. Bf4 e6 3. Nc3 Bb4 4. Qd3 d5 5. a3 Ba5 6. b4 Bb6 7. e3 a5 8. b5 a4 9. Nge2 Nbd7 10. g4 h6 11. f3 c5 12. Bd6 cxd4 13. exd4 Bc7 14. Bb4 Nb6 15. Rb1 Nc4 16. Ng3 Bd6 17. Nd1 O-O 18. Qc3 e5 19. Bxc4 dxc4 20. Bxd6 Qxd6 21. dxe5 Re8 22. f4 Nxg4 23. O-O Qc5+ 24. Nf2 Nxf2 25. Rxf2 Bg4 26. Ne4 Qb6 27. Qg3 Bf5 28. Nf6+ Kh8 29. Nxe8 Rxe8 30. Qc3 Re6 31. Rd1 Rg6+ 32. Kf1 Kh7 33. Qd4 Qxb5 34. Ke1 c3 35. Qxc3 Rg1+ 36. Kd2 Qd5+ 37. Qd3 Bxd3 38. Rxg1 Bf5+ 39. Kc1 Qc5 40. Rfg2 Qxa3+ 41. Kb1 g6 42. Rg3 Qb4+ 43. Kc1 Qc4 44. Kb2 Qxc2+ 45. Ka3 b5 46. Kb4 Qc4+ 47. Ka5 Qc5 0-1


[Site "https://www.chess.com"]

[Event "Titled Tuesday Blitz March 01 Late 2022"]
[White "Jakubowska, Anna"]
[Black "Donatti, Alvaro"]
[WhiteFideId "1121952"]
[BlackFideId "3000303"]
[WhiteElo "1924"]
[BlackElo "2138"]
[Result "1-0"]
[Round "10"]
[TimeControl "180+1"]
[Date "2022.03.02"]
[WhiteClock "0:02:16"]
[BlackClock "0:02:09"]

1. e4 c5 2. Nc3 Nc6 3. g3 e6 4. Bg2 Nf6 5. Nge2 d5 6. exd5 exd5 7. d4 Be6 8. O-O cxd4 9. Nxd4 Bc5 10. Nb3 Bb6 11. Bg5 O-O 12. Bxf6 Qxf6 13. Nxd5 Bxd5 14. Qxd5 Qxb2 15. c4 Rad8 16. Qg5 Nd4 17. c5 Nxb3 18. axb3 Bc7 19. Rab1 Qc3 20. Bxb7 Qxc5 21. Qxc5 1-0


[Site "https://www.chess.com"]

[Event "Titled Tuesday Blitz March 01 Late 2022"]
[White "Kaasen, Tor Fredrik"]
[Black "Suarez Uriel, Adrian"]
[WhiteFideId "1516647"]
[BlackFideId "22230874"]
[WhiteElo "2335"]
[BlackElo "2316"]
[Result "1-0"]
[Round "10"]
[TimeControl "180+1"]
[Date "2022.03.01"]
[WhiteClock "0:01:20"]
[BlackClock "0:01:01"]

1. d4 Nf6 2. c4 g6 3. g3 Bg7 4. Bg2 O-O 5. Nc3 c5 6. Nf3 cxd4 7. Nxd4 Nc6 8. O-O Qb6 9. Nc2 d6 10. b3 Be6 11. Bb2 Rfc8 12. Ne3 Qd8 13. Qd2 a6 14. Rfd1 Rab8 15. Ncd5 Bxd5 16. cxd5 Ne5 17. Rac1 Rxc1 18. Rxc1 Rc8 19. Rc2 Rxc2 20. Qxc2 h5 21. h3 h4 22. g4 Nfd7 23. f4 Qb6 24. Kf2 g5 25. fxe5 Nxe5 26. Qc8+ Kh7 27. Qf5+ Kh6 28. Bxe5 Bxe5 29. Be4 Kg7 30. Qxg5+ Kf8 31. Qxh4 Ke8 32. Qg5 Qd4 33. Qg8+ Kd7 34. Bf5+ Kc7 35. Qc8+ Kb6 36. Qc4 Qd2 37. Qd3 Qc1 38. Nc4+ Ka7 39. Nxe5 dxe5 40. Qe3+ 1-0


[Site "https://www.chess.com"]

[Event "Titled Tuesday Blitz March 01 Late 2022"]
[White "Kanyamarala, Tarun"]
[Black "Janturin, Artur"]
[WhiteFideId "45004714"]
[BlackFideId "4130022"]
[WhiteElo "2144"]
[BlackElo "2350"]
[Result "1/2-1/2"]
[Round "10"]
[TimeControl "180+1"]
[Date "2022.03.02"]
[WhiteClock "0:00:02"]
[BlackClock "0:00:14"]

1. d4 e6 2. c4 b6 3. e4 Bb7 4. Bd3 Bb4+ 5. Kf1 Be7 6. Nc3 d6 7. Nf3 Nc6 8. d5 Ne5 9. Bf4 Nxd3 10. Qxd3 e5 11. Be3 Nf6 12. h3 O-O 13. g4 a5 14. Ne2 Qd7 15. a4 c6 16. Nc3 cxd5 17. cxd5 Ba6 18. Nb5 Qb7 19. Kg2 Nd7 20. Nd2 Nc5 21. Bxc5 bxc5 22. Ra3 Rab8 23. Rb3 Qd7 24. Ra1 h5 25. f3 g6 26. Nc4 hxg4 27. hxg4 Bxb5 28. Rxb5 Rxb5 29. axb5 Qxb5 30. Rxa5 Qb7 31. Qa3 Rb8 32. Ra7 Qb5 33. Qa4 Qxa4 34. Rxa4 Rb3 35. Kg3 Kg7 36. Ra6 Rb4 37. Nxd6 Bxd6 38. Rxd6 Rxb2 39. Rc6 Rc2 40. g5 Kf8 41. Rc7 Ke8 42. f4 Rc3+ 43. Kg4 Rc4 44. Kf3 Rc3+ 45. Kg4 Rc4 46. Kf3 Rc3+ 47. Kg4 1/2-1/2


[Site "https://www.chess.com"]

[Event "Titled Tuesday Blitz March 01 Late 2022"]
[White "Kaplan, Ebru"]
[Black "Desideri, Ricardo Maruchi"]
[WhiteFideId "6315194"]
[BlackFideId "2110440"]
[WhiteElo "1941"]
[BlackElo "1945"]
[Result "1-0"]
[Round "10"]
[TimeControl "180+1"]
[Date "2022.03.02"]
[WhiteClock "0:00:18"]
[BlackClock "0:00:02"]

1. e4 c5 2. Nf3 d6 3. Bb5+ Nd7 4. d4 a6 5. Bxd7+ Bxd7 6. O-O cxd4 7. Qxd4 Nf6 8. Bg5 e5 9. Qd3 h6 10. Bh4 g5 11. Bg3 Bc6 12. Nc3 Qb6 13. b3 Rc8 14. Rfd1 Be7 15. Nd2 O-O 16. Nc4 Qc7 17. h3 b5 18. Nxd6 Rfd8 19. Bxe5 Nd7 20. Bg3 Nc5 21. Nxc8 Nxd3 22. Bxc7 Rxc8 23. Rxd3 Rxc7 24. Rad1 Bf6 25. Nd5 Bxd5 26. exd5 Rxc2 27. d6 Bd8 28. d7 Rxa2 29. Re3 Kg7 30. Re8 Ba5 31. d8=Q Bxd8 32. Rexd8 a5 33. Rb8 b4 34. Ra8 1-0


[Site "https://www.chess.com"]

[Event "Titled Tuesday Blitz March 01 Late 2022"]
[White "Kosakowski, Jakub"]
[Black "Rosen, Eric"]
[WhiteFideId "1185080"]
[BlackFideId "2032562"]
[WhiteElo "2476"]
[BlackElo "2362"]
[Result "1-0"]
[Round "10"]
[TimeControl "180+1"]
[Date "2022.03.01"]
[WhiteClock "0:00:32"]
[BlackClock "0:00:02"]

1. Nf3 d5 2. d4 Nf6 3. c4 e6 4. g3 dxc4 5. Bg2 Bb4+ 6. Nbd2 b5 7. O-O O-O 8. a4 c6 9. Ne1 Nd5 10. Nc2 Be7 11. e4 Nc7 12. Nf3 Bb7 13. Bf4 Nd7 14. h4 Re8 15. Qd2 a5 16. Rad1 b4 17. Ne3 Nb6 18. Qc2 Ba6 19. Rfe1 b3 20. Qc1 Bb4 21. Nd2 Nxa4 22. Nexc4 Nb5 23. Re3 Nxd4 24. Nxb3 Nxb3 25. Rxb3 Qe7 26. Bd6 Bxd6 27. Nxd6 Red8 28. e5 Rab8 29. Rxb8 Rxb8 30. b3 Nb6 31. Qxc6 f6 32. exf6 gxf6 33. Ne4 f5 34. Ng5 Bc8 35. Re1 h6 36. Nxe6 Bd7 37. Qc7 Re8 38. Qxb6 Bxe6 39. Bd5 Bxd5 40. Rxe7 Rxe7 41. Qd8+ Kf7 42. Qxd5+ Kf8 43. Qxf5+ Kg8 44. Qxa5 h5 45. Qd8+ Kf7 46. Qxe7+ Kg6 47. Kg2 Kf5 48. Qg5+ Ke4 49. Qxh5 Kd3 50. Qc5 1-0


[Site "https://www.chess.com"]

[Event "Titled Tuesday Blitz March 01 Late 2022"]
[White "Kostiukov, Alexandr"]
[Black "Stankovic, Ivan G"]
[WhiteFideId "14108100"]
[BlackFideId "902837"]
[WhiteElo "2202"]
[BlackElo "2195"]
[Result "0-1"]
[Round "10"]
[TimeControl "180+1"]
[Date "2022.03.02"]
[WhiteClock "0:00:03"]
[BlackClock "0:00:05"]

1. g3 c5 2. Bg2 Nc6 3. c4 g6 4. Nf3 Bg7 5. O-O e5 6. d3 Nge7 7. Nc3 O-O 8. a3 d6 9. Rb1 a5 10. Ne1 Be6 11. Nd5 Rb8 12. Nc2 b5 13. Nxe7+ Nxe7 14. cxb5 Rxb5 15. Ne3 Bb3 16. Qe1 d5 17. Bd2 f5 18. Nd1 d4 19. e3 dxe3 20. Nxe3 Qxd3 21. Bxa5 e4 22. Bc3 Bd4 23. Qd2 Qxd2 24. Bxd2 Ba2 25. Rbd1 Rxb2 26. Bc1 Rb1 27. Nc2 Nc6 28. Nxd4 cxd4 29. Bh6 Rfb8 30. g4 Rxd1 31. Rxd1 Kf7 32. gxf5 gxf5 33. Bf4 Rb1 34. Rxb1 Bxb1 35. Bf1 d3 36. f3 Bc2 37. fxe4 fxe4 38. Kf2 Ke6 39. Ke3 Kd5 40. Bg2 Kc4 41. Bxe4 Nd4 42. Kd2 Nb3+ 43. Ke3 Nc5 44. Bf3 Kc3 45. Be5+ Kc4 0-1


[Site "https://www.chess.com"]

[Event "Titled Tuesday Blitz March 01 Late 2022"]
[White "Kulon, Klaudia"]
[Black "Prohorov, Olexandr"]
[WhiteFideId "1131044"]
[BlackFideId "14105578"]
[WhiteElo "2281"]
[BlackElo "1993"]
[Result "0-1"]
[Round "10"]
[TimeControl "180+1"]
[Date "2022.03.02"]
[WhiteClock "0:00:47"]
[BlackClock "0:00:45"]

1. c4 g6 2. g3 Bg7 3. Bg2 Nf6 4. Nc3 O-O 5. e3 c5 6. Nge2 Nc6 7. O-O e6 8. d4 d5 9. cxd5 exd5 10. dxc5 Be6 11. Nd4 Qa5 12. Nb3 Qc7 13. a3 a5 14. Nd4 b6 15. Ncb5 Qd7 16. cxb6 Rab8 17. Nxc6 Qxc6 18. a4 Ne4 19. f3 Nc5 20. Bd2 Qxb6 21. Bc3 Nxa4 22. Bxg7 Kxg7 23. Qxa4 Qxb5 24. Qd4+ Kg8 25. Ra2 Rfc8 26. h4 Rc2 27. h5 gxh5 28. Qe5 Rbc8 29. Kh2 Qxf1 30. Qg5+ Kf8 31. Qh6+ Ke8 0-1


[Site "https://www.chess.com"]

[Event "Titled Tuesday Blitz March 01 Late 2022"]
[White "Ladan, Nicholas"]
[Black "Kim, Sergey"]
[WhiteFideId "30918855"]
[BlackFideId "13700570"]
[WhiteElo "2366"]
[BlackElo "2587"]
[Result "1-0"]
[Round "10"]
[TimeControl "180+1"]
[Date "2022.03.02"]
[WhiteClock "0:01:57"]
[BlackClock "0:01:30"]

1. d4 Nf6 2. Bf4 g6 3. Nc3 d6 4. e4 c6 5. Qd2 b5 6. f3 b4 7. Nce2 a5 8. h4 h5 9. O-O-O Bg7 10. Nh3 Na6 11. Ng5 O-O 12. Ng3 a4 13. Bc4 d5 14. Be2 b3 15. a3 bxc2 16. Qxc2 Bb7 17. e5 Nh7 18. Nxh7 Kxh7 19. Nxh5 c5 20. Nxg7 Kxg7 21. h5 Rh8 22. e6 cxd4 23. Be5+ f6 24. Qxg6+ 1-0


[Site "https://www.chess.com"]

[Event "Titled Tuesday Blitz March 01 Late 2022"]
[White "Martinez Alcantara, Jose Eduardo"]
[Black "Thavandiran, Shiyam"]
[WhiteFideId "3805662"]
[BlackFideId "2605058"]
[WhiteElo "2690"]
[BlackElo "2357"]
[Result "1-0"]
[Round "10"]
[TimeControl "180+1"]
[Date "2022.03.01"]
[WhiteClock "0:00:27"]
[BlackClock "0:00:03"]

1. e4 c6 2. d4 d5 3. e5 Bf5 4. h4 Qc8 5. Nc3 h5 6. Bd3 Bxd3 7. Qxd3 e6 8. Bg5 c5 9. Nf3 Nc6 10. O-O Nge7 11. dxc5 Ng6 12. Rae1 Qd7 13. Na4 Be7 14. Bxe7 Qxe7 15. g3 O-O 16. a3 Qc7 17. Qe3 f6 18. exf6 Rxf6 19. Ng5 Nf8 20. b4 Rd8 21. Nb2 e5 22. Nd3 Re8 23. c4 dxc4 24. Nb2 Nd4 25. Nxc4 Qd7 26. Qe4 Qe7 27. Nd6 Rxd6 28. cxd6 Qxd6 29. Kh1 Qd7 30. f4 Re7 31. fxe5 Nfe6 32. Qh7# 1-0


[Site "https://www.chess.com"]

[Event "Titled Tuesday Blitz March 01 Late 2022"]
[White "Martins, Carlos"]
[Black "Bellissimo, Joseph F."]
[WhiteFideId "2101688"]
[BlackFideId "2609843"]
[WhiteElo "2183"]
[BlackElo "2061"]
[Result "1-0"]
[Round "10"]
[TimeControl "180+1"]
[Date "2022.03.02"]
[WhiteClock "0:00:18"]
[BlackClock "0:00:53"]

1. e4 e6 2. d4 d5 3. Nc3 Nf6 4. Bg5 dxe4 5. Nxe4 Be7 6. Bxf6 gxf6 7. g3 f5 8. Nc3 c5 9. d5 Bf6 10. Nge2 O-O 11. Bg2 e5 12. O-O Nd7 13. Qd3 e4 14. Qe3 Ne5 15. b3 b6 16. h3 Ba6 17. Rfe1 Bg5 18. Nf4 Qd6 19. Bxe4 Rae8 20. Bxf5 Ng6 21. Qxe8 Rxe8 22. Rxe8+ Kg7 23. Ne4 Qc7 24. d6 Qc6 25. d7 Nxf4 26. gxf4 Bh4 27. Ng5 Bxg5 28. fxg5 Bb7 29. Rg8+ Kxg8 30. d8=Q+ Kg7 31. Qf6+ Qxf6 32. gxf6+ Kxf6 33. Bxh7 Ke5 34. Bd3 Kd4 35. a4 Kc3 36. a5 Bc6 37. axb6 axb6 38. Ra6 Bd5 39. Rxb6 Be6 40. Rc6 Kd4 41. h4 Bg4 42. Rf6 Bh5 43. Rf5 Bg6 44. Rg5 Bxd3 45. cxd3 Kxd3 46. Rxc5 Ke4 47. h5 f5 48. h6 f4 49. h7 Kf3 50. h8=Q Kg4 51. Qg7+ Kf3 52. Qc3+ Kg4 53. Rc4 Kh5 54. Qf3+ Kg6 55. Qg4+ Kh7 56. Rc7+ Kh6 57. Rc6+ Kh7 58. Qg6+ Kh8 59. Rc8# 1-0


[Site "https://www.chess.com"]

[Event "Titled Tuesday Blitz March 01 Late 2022"]
[White "Maze, Sebastien"]
[Black "Lopez Perdomo, Juan David"]
[WhiteFideId "613762"]
[BlackFideId "4405137"]
[WhiteElo "2462"]
[BlackElo "1997"]
[Result "1-0"]
[Round "10"]
[TimeControl "180+1"]
[Date "2022.03.01"]
[WhiteClock "0:01:26"]
[BlackClock "0:00:03"]

1. e4 e6 2. d3 d5 3. Nd2 c5 4. Ngf3 Nf6 5. g3 Nc6 6. Bg2 Bd6 7. O-O O-O 8. Re1 Qc7 9. c3 b5 10. Qe2 Nd7 11. Nf1 a5 12. h4 Ba6 13. Ne3 dxe4 14. dxe4 b4 15. c4 Nd4 16. Qd1 e5 17. Nd5 Qb7 18. Bf1 f5 19. Be3 fxe4 20. Ng5 Nf3+ 21. Nxf3 exf3 22. b3 Rad8 23. Qc2 Nf6 24. Nxf6+ Rxf6 25. Bg5 Qf7 26. Bxf6 Qxf6 27. Bh3 Bc8 28. Bxc8 Rxc8 29. Qe4 Rf8 30. Re3 h6 31. Rd1 Kh8 32. Rdd3 Bc7 33. Rxf3 Qe7 34. Rxf8+ Qxf8 35. Rd7 Qb8 36. Qg6 Qd8 37. Qxg7# 1-0


[Site "https://www.chess.com"]

[Event "Titled Tuesday Blitz March 01 Late 2022"]
[White "Medeiros Jr, Francisco De Assis"]
[Black "Khabinets, Ivan"]
[WhiteFideId "2114267"]
[BlackFideId "14115980"]
[WhiteElo "1998"]
[BlackElo "2114"]
[Result "1/2-1/2"]
[Round "10"]
[TimeControl "180+1"]
[Date "2022.03.02"]
[WhiteClock "0:00:19"]
[BlackClock "0:00:29"]

1. d4 Nf6 2. Nf3 g6 3. Bg5 Bg7 4. Nbd2 O-O 5. e4 d6 6. Bc4 Nxe4 7. Nxe4 d5 8. Bd3 dxe4 9. Bxe4 Nd7 10. O-O Nf6 11. Bd3 Bg4 12. c3 Qd6 13. h3 Bxf3 14. Qxf3 c6 15. Rfe1 Rfe8 16. Bf4 Qd5 17. Qe2 e6 18. Bc4 Qf5 19. Be5 Nd5 20. Bd3 Nf4 21. Bxf4 Qxf4 22. Qe4 Qd6 23. Rad1 Rad8 24. Bc2 Qc7 25. Qf3 Qa5 26. Bb3 Qb5 27. Qe2 Qb6 28. g3 a5 29. Qc4 Ra8 30. a4 Rad8 31. Kg2 Rd7 32. h4 h5 33. Re2 Red8 34. Red2 c5 35. d5 Bh6 36. Rd3 Rxd5 37. Rxd5 Qc6 38. Qe4 exd5 39. Rxd5 Rxd5 40. Bxd5 Qb6 41. b3 Bf8 42. Qc4 Qc7 43. Kg1 b6 44. Kg2 Qd7 45. Qe4 Bg7 46. c4 Kh7 47. Qf3 f5 48. Qe2 Bd4 49. Qe6 Qxe6 50. Bxe6 Kg7 51. Bd5 Kf6 52. f4 Bc3 53. Kf3 Bb4 54. Kg2 Ba3 55. Kf3 Ke7 56. Kg2 Bc1 57. Kf3 Kf8 58. Bc6 Bd2 59. Bd5 Be1 60. Be6 Kg7 61. Bd5 Kf6 62. Bc6 Kf7 63. Bb5 Ke7 64. Bc6 Bb4 65. Bd5 Ba3 66. Ke2 Bb2 67. Kf2 Bc3 68. Kg2 Bb4 69. Kf3 Kf6 70. Bc6 Ba3 71. Bd5 Bb2 72. Bg8 Bd4 73. Bd5 Kg7 74. Ke2 Kf6 75. Kf1 Ke7 76. Kg2 Be3 77. Kf3 Bg1 78. Bc6 Bd4 79. Bd5 Kd6 80. Bf7 Ke7 81. Bxg6 Kf6 82. Bxh5 Ke7 83. Bg6 Kf6 84. Be8 Ke7 85. Bc6 Kf6 86. Bd5 Bb2 87. g4 fxg4+ 88. Kxg4 Bc1 89. Bc6 Bb2 90. Bb5 Bc1 91. Ba6 Bb2 92. Bb7 Bc1 93. Bd5 Bb2 94. h5 Bc1 95. Kf3 Kf5 96. Be4+ Kf6 97. Bd5 Kf5 98. Bc6 Bxf4 99. Bd7+ Ke5 100. Bg4 Bh6 101. Bh3 Bc1 102. Bd7 Bh6 103. Bb5 Kd4 104. Kg4 Ke4 105. Bc6+ Ke5 106. Bd5 Kf6 107. Kh4 Be3 108. Kg4 Bf2 109. Be4 Be3 110. Bg6 Bh6 111. Kf3 Ke5 112. Kg4 Kf6 113. Kf3 Ke5 114. Kf2 Kf4 115. Ke2 Ke5 116. Kd3 Bg5 117. Bf7 Bh6 118. Bd5 Kd6 119. Ke4 Ke7 120. Kf5 Kf8 121. Kg6 Bc1 122. h6 Bb2 123. h7 Bh8 124. Kf5 Bb2 125. Be4 Kg7 126. Ke6 Kh8 127. Kd7 Bc3 128. Kc6 Bb4 129. Kxb6 Kg7 130. Kc6 Kh8 131. Kd5 Kg7 132. Ke6 Kh8 133. Kf5 Kg7 134. Kg5 Kh8 135. Kh6 Bc3 136. Bg6 Bb4 137. Kh5 Bc3 138. Kh6 Bb4 139. Bf5 Bc3 140. Be4 Bb4 141. Bd3 Bc3 142. Be4 Bb4 143. Bd5 Bc3 144. Bg8 Bb4 145. Kg6 Bc3 146. Kf5 Bb4 147. Ke6 Bc3 148. Kf5 Bb4 149. Ke4 Kg7 150. Kd3 Kh8 151. Kc2 Kg7 152. Kd3 Kh8 153. Ke4 Kg7 154. Kf5 Kh8 1/2-1/2


[Site "https://www.chess.com"]

[Event "Titled Tuesday Blitz March 01 Late 2022"]
[White "Mekhitarian, Krikor Sevag"]
[Black "Zubritskiy, Artyom"]
[WhiteFideId "2107660"]
[BlackFideId "4181247"]
[WhiteElo "2598"]
[BlackElo "2459"]
[Result "0-1"]
[Round "10"]
[TimeControl "180+1"]
[Date "2022.03.01"]
[WhiteClock "0:00:02"]
[BlackClock "0:00:39"]

1. e4 c5 2. Nf3 Nf6 3. e5 Nd5 4. Nc3 e6 5. Ne4 f5 6. exf6 Nxf6 7. Nxf6+ Qxf6 8. d4 cxd4 9. Qxd4 Nc6 10. Qxf6 gxf6 11. c3 d5 12. Be3 e5 13. Rd1 Be6 14. Bb5 a6 15. Ba4 Rg8 16. O-O Bh3 17. Ne1 O-O-O 18. Bb6 Rd7 19. Bb3 Be6 20. Nd3 Bh3 21. Ne1 Be6 22. Kh1 Be7 23. Nc2 Bd8 24. Bc5 Bc7 25. Be3 Na5 26. f4 Nxb3 27. axb3 d4 28. cxd4 Bxb3 29. Rd2 Rgd8 30. fxe5 fxe5 31. Rc1 Kb8 32. h3 Bb6 33. Kh2 exd4 34. Bf4+ Ka7 35. Nb4 Ba5 36. Rd3 Bf7 37. Bd2 Bc7+ 38. Kg1 Bb6 39. Bf4 Bg6 40. Rd2 Ba5 41. Rc4 Bf7 42. Rcxd4 Rxd4 43. Be3 Bxb4 0-1


[Site "https://www.chess.com"]